TOP OF THE 1ST |
Indianapolis Indians batting - Pitching for Reno Aces : RHP Aaron Saenz
|
Pitching: RHP Aaron Saenz
|
|
Batting: LHB Jorge Quintana
|
0-0: Ball 1-0: Bunt missed! 1-1: DOUBLE (Line Drive, 78D, EV 108.8 MPH)
|
Batting: RHB Caleb Russell
|
0-0: Ball 1-0: Ball 2-0: Foul Ball, location: 2F 2-1: SINGLE (Line Drive, 9S, EV 103.1 MPH) Jorge Quintana to third
|
Batting: RHB Mike Cochran
|
0-0: Ball 1-0: SINGLE (Line Drive, 7S, EV 103.8 MPH) Jorge Quintana scores Caleb Russell to second
|
Batting: LHB Pat Sutton
|
0-0: Ball 1-0: Foul Ball, location: 2F 1-1: Ball 2-1: SINGLE (Groundball, 34D, EV 96.9 MPH) Caleb Russell to third Mike Cochran to second
|
Batting: LHB Marc Carter
|
0-0: Ball 1-0: Called Strike 1-1: Ball 2-1: Swinging Strike 2-2: Ball 3-2: Strikes out looking
|
Batting: RHB Bubba Tierney
|
0-0: Ball 1-0: DOUBLE (Flyball, 8LXD, EV 113.8 MPH) Caleb Russell scores Mike Cochran scores Pat Sutton to third
|
Batting: RHB Kirk Seiffert
|
0-0: Ball 1-0: Called Strike 1-1: SINGLE (Groundball, 56D, EV 100.0 MPH) Pat Sutton scores Bubba Tierney to third
|
Batting: RHB Toshimi Shishido
|
0-0: Ball 1-0: Foul Ball, location: 2F 1-1: Called Strike 1-2: Foul Ball, location: 2F 1-2: Strikes out looking
|
Batting: RHB Slamet Pamungkas
|
0-0: Foul Ball, location: 2F 0-1: Hit by Pitch Kirk Seiffert to second
|
Batting: LHB Jorge Quintana
|
0-0: Ground out 1-3 (Groundball, 13S, EV 73.1 MPH)
|
Top of the 1st over - 4 runs, 6 hits, 0 errors, 3 left on base; Indianapolis 4 - Reno 0 |
BOTTOM OF THE 1ST |
Reno Aces batting - Pitching for Indianapolis Indians : RHP Jeremy Parsnip
|
Pitching: RHP Jeremy Parsnip
|
|
Batting: RHB Joe Smack
|
0-0: Ball 1-0: Swinging Strike 1-1: Foul Ball, location: 2F 1-2: Ball 2-2: Foul Ball, location: 2F 2-2: Foul Ball, location: 2F 2-2: Foul Ball, location: 2F 2-2: Ground out 6-3 (Groundball, 56, EV 77.5 MPH)
|
Batting: RHB Andy Swaim
|
0-0: Ball 1-0: SINGLE (Line Drive, 6MD, EV 102.5 MPH)
|
Batting: RHB Jon Solano
|
0-0: Ball 1-0: Ball 2-0: Called Strike Andy Swaim steals 2nd base 2-1: Ball 3-1: Base on Balls
|
Batting: SHB Warren Eisner
|
0-0: Called Strike 0-1: Ball 1-1: Ball 2-1: Foul Ball, location: 2F 2-2: Ball 3-2: Foul Ball, location: 2F 3-2: DOUBLE (Line Drive, 3D, EV 109.4 MPH) Andy Swaim scores Jon Solano to third Runner from 3rd tries for Home, throw by RF and OUT! 9-4-2
|
Batting: RHB Israel Gaona
|
0-0: Ball 1-0: Called Strike 1-1: Foul Ball, location: 2F 1-2: Ball 2-2: Foul Ball, location: 2F 2-2: Ground out 6-3 (Groundball, 6, EV 100.6 MPH)
|
Bottom of the 1st over - 1 run, 2 hits, 0 errors, 1 left on base; Indianapolis 4 - Reno 1 |
TOP OF THE 2ND |
Indianapolis Indians batting - Pitching for Reno Aces : RHP Aaron Saenz
|
Batting: RHB Caleb Russell
|
0-0: Fly out, F9 (Line Drive, 9, EV 93.8 MPH)
|
Batting: RHB Mike Cochran
|
0-0: Hit by Pitch
|
Batting: LHB Pat Sutton
|
0-0: Fielders Choice at 2nd, 4-6 (Groundball, 34, EV 98.8 MPH)
|
Batting: LHB Marc Carter
|
0-0: Hit by Pitch Pat Sutton to second
|
Batting: RHB Bubba Tierney
|
0-0: Called Strike 0-1: Ball 1-1: Swinging Strike 1-2: Strikes out swinging
|
Top of the 2nd over - 0 runs, 0 hits, 0 errors, 2 left on base; Indianapolis 4 - Reno 1 |
BOTTOM OF THE 2ND |
Reno Aces batting - Pitching for Indianapolis Indians : RHP Jeremy Parsnip
|
Batting: LHB Ruben Rocha
|
0-0: Ball 1-0: Foul Ball, location: 2F 1-1: Ball 2-1: Foul Ball, location: 2F 2-2: Ball 3-2: Strikes out swinging, 2-3 out at first.
|
Batting: SHB Luis Lira
|
0-0: Called Strike 0-1: Ground out 6-3 (Groundball, 6M, EV 87.5 MPH)
|
Batting: RHB Juan Espinoza
|
0-0: Ball 1-0: Fly out, F8 (Flyball, 8RS, EV 78.8 MPH)
|
Bottom of the 2nd over - 0 runs, 0 hits, 0 errors, 0 left on base; Indianapolis 4 - Reno 1 |
TOP OF THE 3RD |
Indianapolis Indians batting - Pitching for Reno Aces : RHP Aaron Saenz
|
Batting: RHB Kirk Seiffert
|
0-0: Called Strike 0-1: Ball 1-1: Hit by Pitch
|
Batting: RHB Toshimi Shishido
|
0-0: Ball Kirk Seiffert steals 2nd base 1-0: Ball 2-0: Ground out 4-3 (Groundball, 4, EV 82.5 MPH) Kirk Seiffert to third
|
Batting: RHB Slamet Pamungkas
|
0-0: Called Strike 0-1: Ball 1-1: Ball 2-1: Ball 3-1: Base on Balls
|
Batting: LHB Jorge Quintana
|
0-0: Ball 1-0: Ball 2-0: Called Strike 2-1: Fielders Choice at 2nd, 5-4 (Groundball, 56, EV 89.4 MPH) Kirk Seiffert scores
|
Pitching: RHP Tyler Deloatch
|
|
Batting: RHB Caleb Russell
|
0-0: Called Strike Jorge Quintana steals 2nd base 0-1: Ball 1-1: Ball 2-1: Foul Ball, location: 2F 2-2: Foul Ball, location: 2F 2-2: Foul Ball, location: 2F 2-2: Strikes out swinging
|
Top of the 3rd over - 1 run, 0 hits, 0 errors, 1 left on base; Indianapolis 5 - Reno 1 |
BOTTOM OF THE 3RD |
Reno Aces batting - Pitching for Indianapolis Indians : RHP Jeremy Parsnip
|
Batting: LHB Josh Kirk
|
0-0: Swinging Strike 0-1: Fly out, F4 (Popup, 34S, EV 80.6 MPH)
|
Batting: RHB Joe Smack
|
0-0: SINGLE (Groundball, 56D, EV 103.1 MPH)
|
Batting: RHB Andy Swaim
|
0-0: Called Strike 0-1: Fly out, F8 (Flyball, 8LD, EV 101.2 MPH)
|
Batting: RHB Jon Solano
|
0-0: Called Strike 0-1: Ball 1-1: Called Strike 1-2: Hit by Pitch Joe Smack to second
|
Batting: SHB Warren Eisner
|
0-0: Called Strike 0-1: Ball 1-1: Fly out, F9 (Flyball, 89D, EV 79.4 MPH)
|
Bottom of the 3rd over - 0 runs, 1 hit, 0 errors, 2 left on base; Indianapolis 5 - Reno 1 |
TOP OF THE 4TH |
Indianapolis Indians batting - Pitching for Reno Aces : RHP Tyler Deloatch
|
Batting: RHB Mike Cochran
|
0-0: Ball 1-0: Foul Ball, location: 2F 1-1: Foul Ball, location: 2F 1-2: DOUBLE (Line Drive, 9LS, EV 90.6 MPH) - OUT at third base trying to stretch hit.
|
Batting: LHB Pat Sutton
|
0-0: Called Strike 0-1: Foul Ball, location: 2F 0-2: Ball 1-2: Foul Ball, location: 2F 1-2: Strikes out looking
|
Batting: LHB Marc Carter
|
0-0: Called Strike 0-1: Swinging Strike 0-2: Ball 1-2: Fly out, F9 (Line Drive, 9, EV 85.6 MPH)
|
Top of the 4th over - 0 runs, 1 hit, 0 errors, 0 left on base; Indianapolis 5 - Reno 1 |
BOTTOM OF THE 4TH |
Reno Aces batting - Pitching for Indianapolis Indians : RHP Jeremy Parsnip
|
Batting: RHB Israel Gaona
|
0-0: Swinging Strike 0-1: Ball 1-1: Foul Ball, location: 2F 1-2: Strikes out swinging
|
Batting: LHB Ruben Rocha
|
0-0: Ball 1-0: Called Strike 1-1: Ball 2-1: Foul Ball, location: 2F 2-2: Fly out, F7 (Flyball, 7S, EV 88.1 MPH)
|
Batting: SHB Luis Lira
|
0-0: Ball 1-0: Called Strike 1-1: Ground out U3 (Groundball, 3, EV 86.9 MPH)
|
Bottom of the 4th over - 0 runs, 0 hits, 0 errors, 0 left on base; Indianapolis 5 - Reno 1 |
TOP OF THE 5TH |
Indianapolis Indians batting - Pitching for Reno Aces : RHP Tyler Deloatch
|
Batting: RHB Bubba Tierney
|
0-0: Ball 1-0: Called Strike 1-1: Ball 2-1: Reached on error, E4 (Groundball, 4, EV 85.6 MPH)
|
Batting: RHB Kirk Seiffert
|
0-0: Called Strike 0-1: Swinging Strike 0-2: Ball 1-2: Ball 2-2: Strikes out swinging
|
Batting: RHB Toshimi Shishido
|
0-0: Foul Ball, location: 2F 0-1: Ball 1-1: Swinging Strike 1-2: SINGLE (Groundball, 34D, EV 96.2 MPH) Bubba Tierney to second Runner from 2nd tries for 3rd, SAFE, throw by RF made to third
|
Batting: RHB Slamet Pamungkas
|
0-0: Called Strike 0-1: Foul Ball, location: 2F 0-2: Fielders Choice at 2nd, 3-6 (Groundball, 3, EV 78.8 MPH) Bubba Tierney scores
|
Batting: LHB Jorge Quintana
|
0-0: Called Strike 0-1: Called Strike Slamet Pamungkas steals 2nd base 0-2: Ball 1-2: Ball 2-2: Foul Ball, location: 2F 2-2: Ball 3-2: SINGLE (Groundball, 34D, EV 107.5 MPH) (infield hit) Slamet Pamungkas to third
|
Batting: RHB Caleb Russell
|
0-0: Ball 1-0: Ground out 5-3 (Groundball, 56S, EV 91.2 MPH)
|
Top of the 5th over - 1 run, 2 hits, 1 error, 2 left on base; Indianapolis 6 - Reno 1 |
BOTTOM OF THE 5TH |
Reno Aces batting - Pitching for Indianapolis Indians : RHP Jeremy Parsnip
|
Batting: RHB Juan Espinoza
|
0-0: Called Strike 0-1: Swinging Strike 0-2: Ball 1-2: Ball 2-2: Strikes out looking
|
Batting: LHB Josh Kirk
|
0-0: Called Strike 0-1: Ground out U3 (Groundball, 34, EV 78.8 MPH)
|
Batting: RHB Joe Smack
|
0-0: Foul Ball, location: 2F 0-1: Foul Ball, location: 2F 0-2: Ball 1-2: Ball 2-2: Ball 3-2: Ground out 6-3 (Groundball, 6, EV 84.4 MPH)
|
Bottom of the 5th over - 0 runs, 0 hits, 0 errors, 0 left on base; Indianapolis 6 - Reno 1 |
TOP OF THE 6TH |
Indianapolis Indians batting - Pitching for Reno Aces : RHP Tyler Deloatch
|
Batting: RHB Mike Cochran
|
0-0: Ball 1-0: Called Strike 1-1: Foul Ball, location: 2F 1-2: SINGLE (Groundball, 56D, EV 110.0 MPH)
|
Batting: LHB Pat Sutton
|
0-0: Called Strike 0-1: Grounds into double play, U6-3 (Groundball, 4MD, EV 89.4 MPH)
|
Batting: LHB Marc Carter
|
0-0: Ball 1-0: Ball 2-0: Called Strike 2-1: Swinging Strike 2-2: Ground out 4-3 (Groundball, 4, EV 109.4 MPH)
|
Top of the 6th over - 0 runs, 1 hit, 0 errors, 0 left on base; Indianapolis 6 - Reno 1 |
BOTTOM OF THE 6TH |
Reno Aces batting - Pitching for Indianapolis Indians : RHP Jeremy Parsnip
|
Batting: RHB Andy Swaim
|
0-0: Ball 1-0: Foul Ball, location: 2F 1-1: Fly out, F3 (Popup, 3F, EV 65.6 MPH)
|
Batting: RHB Jon Solano
|
0-0: Called Strike 0-1: Ball 1-1: Ground out 6-3 (Groundball, 6S, EV 88.8 MPH)
|
Batting: SHB Warren Eisner
|
0-0: Called Strike 0-1: Foul Ball, location: 2F 0-2: Ball 1-2: Foul Ball, location: 2F 1-2: SINGLE (Line Drive, 9S, EV 109.4 MPH)
|
Batting: RHB Israel Gaona
|
Pickoff Throw to First - Out! 1-3
|
Bottom of the 6th over - 0 runs, 1 hit, 0 errors, 0 left on base; Indianapolis 6 - Reno 1 |
TOP OF THE 7TH |
Indianapolis Indians batting - Pitching for Reno Aces : RHP Tyler Deloatch
|
Batting: RHB Bubba Tierney
|
0-0: Fly out, F9 (Flyball, 9S, EV 93.8 MPH)
|
Batting: RHB Kirk Seiffert
|
0-0: SOLO HOME RUN (Flyball, 9D, EV 90.6 MPH) (Inside the Park)
|
Batting: RHB Toshimi Shishido
|
0-0: Foul Ball, location: 2F 0-1: Ground out 5-3 (Groundball, 5, EV 85.0 MPH)
|
Batting: RHB Slamet Pamungkas
|
0-0: Called Strike 0-1: Foul Ball, location: 2F 0-2: Ball 1-2: Foul Ball, location: 2F 1-2: SINGLE (Groundball, 6MS, EV 72.5 MPH) (infield hit)
|
Batting: LHB Jorge Quintana
|
0-0: Ball 1-0: Ball 2-0: Ball Slamet Pamungkas is caught stealing 2nd base 2-6
|
Top of the 7th over - 1 run, 2 hits, 0 errors, 0 left on base; Indianapolis 7 - Reno 1 |
BOTTOM OF THE 7TH |
Reno Aces batting - Pitching for Indianapolis Indians : RHP Jeremy Parsnip
|
Batting: RHB Israel Gaona
|
0-0: Called Strike 0-1: Foul Ball, location: 2F 0-2: Ball 1-2: Ball 2-2: Ball 3-2: Foul Ball, location: 2F 3-2: Foul Ball, location: 2F 3-2: SINGLE (Groundball, 56D, EV 98.1 MPH)
|
Batting: LHB Ruben Rocha
|
0-0: Ball Israel Gaona steals 2nd base 1-0: DOUBLE (Line Drive, 89M, EV 104.4 MPH) Israel Gaona scores
|
Pitching: RHP Mike Malec
|
|
Batting: SHB Luis Lira
|
0-0: Ball 1-0: Ball 2-0: SINGLE (Line Drive, 34D, EV 96.9 MPH) Ruben Rocha to third
|
Batting: RHB Juan Espinoza
|
0-0: Ball 1-0: Ball 2-0: Swinging Strike 2-1: Foul Ball, location: 2F 2-2: Grounds into double play, 6-4-3 (Groundball, 56, EV 90.6 MPH) Ruben Rocha scores
|
Batting: LHB Josh Kirk
|
0-0: Ball 1-0: DOUBLE (Flyball, 9LD, EV 100.0 MPH)
|
Batting: RHB Joe Smack
|
0-0: Foul Ball, location: 2F 0-1: Ball 1-1: Ball 2-1: Ball 3-1: Foul Ball, location: 2F 3-2: TRIPLE (Line Drive, 9LD, EV 106.9 MPH) Josh Kirk scores
|
Batting: RHB Andy Swaim
|
0-0: Called Strike 0-1: SINGLE (Line Drive, 8LS, EV 99.4 MPH) Joe Smack scores
|
Batting: RHB Jon Solano
|
0-0: Foul Ball, location: 2F 0-1: SINGLE (Flyball, 8LS, EV 92.5 MPH) Andy Swaim to second
|
Batting: SHB Warren Eisner
|
0-0: Ball 1-0: Ball 2-0: Swinging Strike 2-1: Ball 3-1: Base on Balls Andy Swaim to third Jon Solano to second
|
Batting: RHB Israel Gaona
|
0-0: Ball 1-0: Ball 2-0: SINGLE (Groundball, 6MD, EV 106.9 MPH) Andy Swaim scores Jon Solano to third Warren Eisner to second Runner from 3rd tries for Home, SAFE, throw by CF to home
|
Pitching: RHP Robby Granados
|
|
Batting: LHB Ruben Rocha
|
0-0: Called Strike 0-1: Ball 1-1: Called Strike 1-2: Strikes out swinging
|
Bottom of the 7th over - 6 runs, 8 hits, 0 errors, 2 left on base; Indianapolis 7 - Reno 7 |
TOP OF THE 8TH |
Indianapolis Indians batting - Pitching for Reno Aces : RHP Tyler Deloatch
|
Pitching: RHP Nick Burcham
|
|
Batting: LHB Jorge Quintana
|
0-0: Ball 1-0: Foul Ball, location: 2F 1-1: Foul Ball, location: 2F 1-2: Ball 2-2: Foul Ball, location: 2F 2-2: Ball 3-2: Base on Balls
|
Pinch Hitting: SHB Ben Myers
|
0-0: Ball Jorge Quintana steals 2nd, throwing error, E2 Jorge Quintana to third 1-0: Intentional Walk
|
Batting: RHB Mike Cochran
|
0-0: Ball 1-0: Called Strike 1-1: Foul Ball, location: 2F 1-2: Foul Ball, location: 2F 1-2: Strikes out swinging
|
Batting: LHB Pat Sutton
|
0-0: Called Strike 0-1: Foul Ball, location: 2F 0-2: Ground out U3 (Groundball, 34S, EV 66.2 MPH) Ben Myers to second
|
Batting: LHB Marc Carter
|
0-0: Called Strike 0-1: Fly out, F7 (Flyball, 7LM, EV 95.6 MPH)
|
Top of the 8th over - 0 runs, 0 hits, 1 error, 2 left on base; Indianapolis 7 - Reno 7 |
BOTTOM OF THE 8TH |
Reno Aces batting - Pitching for Indianapolis Indians : RHP Robby Granados
|
Now in LF: Danny Gallegos
|
|
Batting: SHB Luis Lira
|
0-0: Called Strike 0-1: Ball 1-1: Ground out 6-3 (Groundball, 6MS, EV 71.2 MPH)
|
Pinch Hitting: LHB Chris Escobar
|
0-0: Foul Ball, location: 2F 0-1: Foul Ball, location: 2F 0-2: Strikes out swinging, 2-3 out at first.
|
Batting: LHB Josh Kirk
|
0-0: Ball 1-0: Foul Ball, location: 2F 1-1: Ball 2-1: Foul Ball, location: 2F 2-2: Foul Ball, location: 2F 2-2: Ball 3-2: Ground out 6-3 (Groundball, 6MS, EV 88.8 MPH)
|
Bottom of the 8th over - 0 runs, 0 hits, 0 errors, 0 left on base; Indianapolis 7 - Reno 7 |
TOP OF THE 9TH |
Indianapolis Indians batting - Pitching for Reno Aces : RHP Nick Burcham
|
Pitching: RHP Bill Pauley
|
|
Now at 1B: Troy Maynard
|
|
Batting: RHB Bubba Tierney
|
0-0: Ball 1-0: Ball 2-0: Fly out, F8 (Flyball, 8RD, EV 102.5 MPH)
|
Batting: RHB Kirk Seiffert
|
0-0: Ground out 1-3 (Groundball, 34S, EV 70.0 MPH)
|
Batting: RHB Toshimi Shishido
|
0-0: Called Strike 0-1: Called Strike 0-2: SOLO HOME RUN (Line Drive, 7D, EV 105.0 MPH), Distance : 404 ft
|
Batting: RHB Slamet Pamungkas
|
0-0: Ball 1-0: Ball 2-0: Called Strike 2-1: Swinging Strike 2-2: Ball 3-2: Base on Balls
|
Batting: LHB Jorge Quintana
|
0-0: Ball Slamet Pamungkas steals 2nd base 1-0: Foul Ball, location: 2F 1-1: Ball 2-1: Ball 3-1: Foul Ball, location: 2F 3-2: Base on Balls
|
Batting: RHB Danny Gallegos
|
0-0: SINGLE (Groundball, 4S, EV 63.8 MPH) (infield hit) Slamet Pamungkas to third Jorge Quintana to second
|
Batting: RHB Mike Cochran
|
0-0: Fielders Choice at 2nd, 6-4 (Groundball, 6, EV 94.4 MPH)
|
Top of the 9th over - 1 run, 2 hits, 0 errors, 3 left on base; Indianapolis 8 - Reno 7 |
BOTTOM OF THE 9TH |
Reno Aces batting - Pitching for Indianapolis Indians : RHP Robby Granados
|
Pitching: RHP Kody Mason
|
|
Batting: RHB Joe Smack
|
0-0: Ball 1-0: Ball 2-0: Called Strike 2-1: DOUBLE (Flyball, 8RXD, EV 108.8 MPH)
|
Batting: RHB Andy Swaim
|
0-0: Ball 1-0: Foul Ball, location: 2F 1-1: Bunt missed! 1-2: Ball 2-2: Ground out 5-3 (Groundball, 56, EV 77.5 MPH)
|
Batting: RHB Jon Solano
|
0-0: Ball 1-0: Called Strike 1-1: Foul Ball, location: 2F 1-2: Ball 2-2: Ball 3-2: Foul Ball, location: 2F 3-2: Foul Ball, location: 2F 3-2: Foul Ball, location: 2F 3-2: Foul Ball, location: 2F 3-2: Base on Balls
|
Batting: SHB Warren Eisner
|
0-0: Ball 1-0: Called Strike 1-1: Called Strike 1-2: Ball 2-2: Fly out, F9 (Flyball, 89D, EV 80.6 MPH) Runner from 2nd tags up, SAFE at 3rd, no throw by RF
|
Batting: RHB Israel Gaona
|
0-0: SINGLE (Line Drive, 9S, EV 103.1 MPH) Joe Smack scores Jon Solano to second
|
Batting: LHB Ruben Rocha
|
0-0: Ball 1-0: Foul Ball, location: 2F 1-1: Called Strike 1-2: Strikes out swinging
|
Bottom of the 9th over - 1 run, 2 hits, 0 errors, 2 left on base; Indianapolis 8 - Reno 8 |
TOP OF THE 10TH |
Indianapolis Indians batting - Pitching for Reno Aces : RHP Bill Pauley
|
Pitching: RHP Larry Mathieu
|
|
Batting: LHB Pat Sutton
|
0-0: Called Strike 0-1: Called Strike 0-2: Ball 1-2: Foul Ball, location: 2F 1-2: Fly out, F6 (Line Drive, 4, EV 76.2 MPH)
|
Batting: LHB Marc Carter
|
0-0: Ball 1-0: Ball 2-0: Foul Ball, location: 2F 2-1: Called Strike 2-2: Foul Ball, location: 2F 2-2: Ball 3-2: Strikes out looking
|
Batting: RHB Bubba Tierney
|
0-0: Called Strike 0-1: Foul Ball, location: 2F 0-2: Strikes out swinging
|
Top of the 10th over - 0 runs, 0 hits, 0 errors, 0 left on base; Indianapolis 8 - Reno 8 |
BOTTOM OF THE 10TH |
Reno Aces batting - Pitching for Indianapolis Indians : RHP Kody Mason
|
Pitching: LHP Matt Huston
|
|
Batting: SHB Luis Lira
|
0-0: Ball 1-0: Ball 2-0: Ball 3-0: Base on Balls
|
Batting: SHB Troy Maynard
|
0-0: Bunted foul 0-1: Ball 1-1: Bunted foul 1-2: Foul Ball, location: 2F 1-2: Ball 2-2: Ball 3-2: SINGLE (Groundball, 56, EV 110.0 MPH) Luis Lira to second
|
Batting: LHB Josh Kirk
|
0-0: Bunt missed! 0-1: Bunt missed! 0-2: Hit by Pitch Luis Lira to third Troy Maynard to second
|
Batting: RHB Joe Smack
|
0-0: Ball 1-0: Grounds into fielders choice 1-2 (Groundball, 13, EV 67.5 MPH) Troy Maynard to third Josh Kirk to second
|
Batting: RHB Andy Swaim
|
0-0: Ball 1-0: SINGLE (Flyball, 34D, EV 90.0 MPH) Troy Maynard scores
|
Bottom of the 10th over - 1 run, 2 hits, 0 errors, 0 left on base; Indianapolis 8 - Reno 9 |
|
Game Over ... Reno defeats Indianapolis, 9 to 8
|
|
|